3AA
BILLINGS POLAR BEARS @ SQUIRREL HILL PIEROGIS
08/18/2041
 
TOP OF THE 1ST
Billings Polar Bears batting - Pitching for Squirrel Hill Pierogis : RHP Héctor Barrera
Pitching: RHP Héctor Barrera
Batting: RHB Scot Roberts 0-0: Ground out 1-3 (Groundball, 15S, EV 67.5 MPH)
Batting: RHB Luke Crawford 0-0: Ball
1-0: Ball
2-0: Ball
3-0: Called Strike
3-1: Base on Balls
Batting: LHB Carlos Rosário 0-0: Ball
1-0: Foul Ball, location: 2F
1-1: Foul Ball, location: 2F
1-2: Ball
2-2: Strikes out swinging
Batting: LHB Augusto Reyes 0-0: Foul Ball, location: 2F
0-1: Fielders Choice at 2nd, 6-4 (Groundball, 6, EV 110.6 MPH)
Top of the 1st over - 0 runs, 0 hits, 0 errors, 1 left on base; Billings 0 - Squirrel Hill 0
BOTTOM OF THE 1ST
Squirrel Hill Pierogis batting - Pitching for Billings Polar Bears : LHP Mark Greenwood
Pitching: LHP Mark Greenwood
Batting: SHB Aubrey Magee 0-0: Ball
1-0: Ball
2-0: Fly out, F7 (Flyball, 7D, EV 99.4 MPH)
Batting: RHB Franck Morel 0-0: Ball
1-0: Foul Ball, location: 2F
1-1: Swinging Strike
1-2: Fly out, F8 (Flyball, 8LD, EV 89.4 MPH)
Batting: RHB Jerry Williams 0-0: Foul Ball, location: 2F
0-1: Foul Ball, location: 2F
0-2: Foul Ball, location: 2F
0-2: Ball
1-2: Ball
2-2: Foul Ball, location: 2F
2-2: Ball
3-2: Base on Balls
Batting: SHB Ron Carlisle 0-0: Called Strike
0-1: Swinging Strike
0-2: Foul Ball, location: 2F
0-2: Ball
1-2: Ball
2-2: Strikes out looking
Bottom of the 1st over - 0 runs, 0 hits, 0 errors, 1 left on base; Billings 0 - Squirrel Hill 0
TOP OF THE 2ND
Billings Polar Bears batting - Pitching for Squirrel Hill Pierogis : RHP Héctor Barrera
Batting: RHB Danny Hensley 0-0: Swinging Strike
0-1: Fly out, F9 (Flyball, 9LS, EV 91.2 MPH)
Batting: RHB Rubén Balderas 0-0: Ball
1-0: Ball
2-0: Swinging Strike
2-1: Fly out, F7 (Flyball, 78M, EV 81.2 MPH)
Batting: SHB Leonardo Rodríguez 0-0: Ball
1-0: Ball
2-0: Swinging Strike
2-1: Reached on error, E1 (Groundball, 15S, EV 61.2 MPH)
Batting: RHB Kelly Johnson 0-0: Called Strike
0-1: Swinging Strike
0-2: Foul Ball, location: 2F
0-2: Foul Ball, location: 2F
0-2: Ball
Leonardo Rodríguez steals 2nd base
1-2: Foul Ball, location: 2F
1-2: Strikes out looking
Top of the 2nd over - 0 runs, 0 hits, 1 error, 1 left on base; Billings 0 - Squirrel Hill 0
BOTTOM OF THE 2ND
Squirrel Hill Pierogis batting - Pitching for Billings Polar Bears : LHP Mark Greenwood
Batting: LHB Adam Bisset 0-0: Called Strike
0-1: Swinging Strike
0-2: Strikes out swinging
Batting: RHB Koi-sho Xú 0-0: Foul Ball, location: 2F
0-1: Fly out, F7 (Line Drive, 7D, EV 90.6 MPH)
Batting: LHB Luis Escribano 0-0: Foul Ball, location: 2F
0-1: Called Strike
0-2: Ball
1-2: Ball
2-2: Ball
3-2: Ground out 4-3 (Groundball, 4, EV 99.4 MPH)
Bottom of the 2nd over - 0 runs, 0 hits, 0 errors, 0 left on base; Billings 0 - Squirrel Hill 0
TOP OF THE 3RD
Billings Polar Bears batting - Pitching for Squirrel Hill Pierogis : RHP Héctor Barrera
Batting: RHB Edward Johnson 0-0: Foul Ball, location: 2F
0-1: Ball
1-1: Ball
2-1: Swinging Strike
2-2: Foul Ball, location: 2F
2-2: Strikes out looking
Batting: RHB Scot Roberts 0-0: Ball
1-0: Ball
2-0: Ball
3-0: Called Strike
3-1: Foul Ball, location: 2F
3-2: Ground out 6-3 (Groundball, 6, EV 100.0 MPH)
Batting: RHB Luke Crawford 0-0: Called Strike
0-1: Foul Ball, location: 2F
0-2: Ball
1-2: Foul Ball, location: 2F
1-2: Fly out, F7 (Flyball, 78M, EV 98.8 MPH)
Top of the 3rd over - 0 runs, 0 hits, 0 errors, 0 left on base; Billings 0 - Squirrel Hill 0
BOTTOM OF THE 3RD
Squirrel Hill Pierogis batting - Pitching for Billings Polar Bears : LHP Mark Greenwood
Batting: SHB Jason Pratt 0-0: Ball
1-0: Ball
2-0: Called Strike
2-1: Called Strike
2-2: Strikes out swinging
Batting: LHB Ramiro Palmeiro 0-0: Foul Ball, location: 2F
0-1: Reached on error, E4 (Groundball, 4, EV 78.1 MPH)
Batting: SHB Aubrey Magee 0-0: SINGLE (Groundball, 4MD, EV 102.5 MPH)
Ramiro Palmeiro to second
Batting: RHB Franck Morel 0-0: Fly out, F3 (Popup, 3D, EV 60.6 MPH)
Batting: RHB Jerry Williams 0-0: Called Strike
0-1: Ball
1-1: Fly out, F8 (Flyball, 8LM, EV 92.5 MPH)
Bottom of the 3rd over - 0 runs, 1 hit, 1 error, 2 left on base; Billings 0 - Squirrel Hill 0
TOP OF THE 4TH
Billings Polar Bears batting - Pitching for Squirrel Hill Pierogis : RHP Héctor Barrera
Batting: LHB Carlos Rosário 0-0: Called Strike
0-1: Ball
1-1: Called Strike
1-2: Strikes out swinging
Batting: LHB Augusto Reyes 0-0: Called Strike
0-1: Ball
1-1: SINGLE (Line Drive, 78M, EV 89.4 MPH)
Batting: RHB Danny Hensley 0-0: Ball
1-0: Called Strike
1-1: Ball
2-1: Foul Ball, location: 2F
2-2: Fly out, F9 (Flyball, 9D, EV 100.6 MPH)
Batting: RHB Rubén Balderas 0-0: Foul Ball, location: 2F
0-1: Fielders Choice at 2nd, 6-4 (Groundball, 6, EV 100.0 MPH)
Top of the 4th over - 0 runs, 1 hit, 0 errors, 1 left on base; Billings 0 - Squirrel Hill 0
BOTTOM OF THE 4TH
Squirrel Hill Pierogis batting - Pitching for Billings Polar Bears : LHP Mark Greenwood
Batting: SHB Ron Carlisle 0-0: Called Strike
0-1: Called Strike
0-2: Ball
1-2: Ball
2-2: Foul Ball, location: 2F
2-2: Strikes out swinging
Batting: LHB Adam Bisset 0-0: Fly out, F6 (Popup, 5D, EV 70.0 MPH)
Batting: RHB Koi-sho Xú 0-0: Ball
1-0: Swinging Strike
1-1: Ball
2-1: Ball
3-1: Base on Balls
Batting: LHB Luis Escribano 0-0: Called Strike
0-1: Fly out, F8 (Flyball, 8LS, EV 84.4 MPH)
Bottom of the 4th over - 0 runs, 0 hits, 0 errors, 1 left on base; Billings 0 - Squirrel Hill 0
TOP OF THE 5TH
Billings Polar Bears batting - Pitching for Squirrel Hill Pierogis : RHP Héctor Barrera
Batting: SHB Leonardo Rodríguez 0-0: Hit by Pitch
Pinch Runner at 1st Mario Hernández:
Batting: RHB Kelly Johnson 0-0: Called Strike
0-1: Ball
1-1: Foul Ball, location: 2F
1-2: Foul Ball, location: 2F
1-2: Ground out 5-3 (Groundball, 56S, EV 68.8 MPH)
Mario Hernández to second
Batting: RHB Edward Johnson 0-0: Ball
1-0: Ball
2-0: Foul Ball, location: 2F
2-1: Ground out 5-3 (Groundball, 56S, EV 71.2 MPH)
Mario Hernández to third
Batting: RHB Scot Roberts 0-0: Ball
1-0: Called Strike
1-1: Ground out 5-3 (Groundball, 56, EV 103.1 MPH)
Top of the 5th over - 0 runs, 0 hits, 0 errors, 1 left on base; Billings 0 - Squirrel Hill 0
BOTTOM OF THE 5TH
Squirrel Hill Pierogis batting - Pitching for Billings Polar Bears : LHP Mark Greenwood
Now in RF: Armando Ventura
Batting: SHB Jason Pratt 0-0: Called Strike
0-1: Ball
1-1: Ground out 4-3 (Groundball, 4, EV 92.5 MPH)
Batting: LHB Ramiro Palmeiro 0-0: Called Strike
0-1: Ball
1-1: Called Strike
1-2: Ball
2-2: Strikes out looking
Batting: SHB Aubrey Magee 0-0: Ball
1-0: Swinging Strike
1-1: SINGLE (Groundball, P, EV 63.1 MPH) (infield hit)
Batting: RHB Franck Morel 0-0: Ball
1-0: Fly out, F4 (Popup, 4, EV 62.5 MPH)
Bottom of the 5th over - 0 runs, 1 hit, 0 errors, 1 left on base; Billings 0 - Squirrel Hill 0
TOP OF THE 6TH
Billings Polar Bears batting - Pitching for Squirrel Hill Pierogis : RHP Héctor Barrera
Batting: RHB Luke Crawford 0-0: Foul Ball, location: 2F
0-1: Foul Ball, location: 2F
0-2: Fly out, F2 (Popup, 23F, EV 90.0 MPH)
Batting: LHB Carlos Rosário 0-0: Foul Ball, location: 2F
0-1: Ball
1-1: Foul Ball, location: 2F
1-2: Ball
2-2: Strikes out swinging
Batting: LHB Augusto Reyes 0-0: Called Strike
0-1: Ball
1-1: Swinging Strike
1-2: Foul Ball, location: 2F
1-2: Ball
2-2: Foul Ball, location: 2F
2-2: Ball
3-2: Fly out, F9 (Flyball, 89M, EV 90.6 MPH)
Top of the 6th over - 0 runs, 0 hits, 0 errors, 0 left on base; Billings 0 - Squirrel Hill 0
BOTTOM OF THE 6TH
Squirrel Hill Pierogis batting - Pitching for Billings Polar Bears : LHP Mark Greenwood
Batting: RHB Jerry Williams 0-0: Ground out 5-3 (Groundball, 5S, EV 78.8 MPH)
Batting: SHB Ron Carlisle 0-0: Ball
1-0: SINGLE (Groundball, 56S, EV 71.9 MPH) (infield hit)
Batting: LHB Adam Bisset 0-0: DOUBLE (Line Drive, 89D, EV 106.9 MPH)
Ron Carlisle to third
Runner from 3rd tries for Home, SAFE, throw by CF to trailing runner, SAFE at third!
Batting: RHB Koi-sho Xú 0-0: Called Strike
0-1: Fly out, F9 (Line Drive, 9, EV 102.5 MPH)
Runner from 3rd tags up, SCORES, throw by RF
Batting: LHB Luis Escribano 0-0: Fly out, F9 (Line Drive, 9D, EV 91.9 MPH)
Bottom of the 6th over - 2 runs, 2 hits, 0 errors, 0 left on base; Billings 0 - Squirrel Hill 2
TOP OF THE 7TH
Billings Polar Bears batting - Pitching for Squirrel Hill Pierogis : RHP Héctor Barrera
Pitching: LHP Jerry Reid
Batting: RHB Danny Hensley 0-0: Called Strike
0-1: Ball
1-1: Ball
2-1: Ground out 6-3 (Groundball, 6, EV 90.0 MPH)
Batting: RHB Rubén Balderas 0-0: Ball
1-0: Foul Ball, location: 2F
1-1: Ball
2-1: Called Strike
2-2: Ground out 5-3 (Groundball, 56, EV 91.9 MPH)
Batting: LHB Armando Ventura 0-0: Ball
1-0: Called Strike
1-1: Ball
2-1: Swinging Strike
2-2: Foul Ball, location: 2F
2-2: TRIPLE (Flyball, 8RXD, EV 95.6 MPH)
Batting: RHB Kelly Johnson 0-0: Ball
1-0: Foul Ball, location: 2F
1-1: Called Strike
1-2: Strikes out swinging
Top of the 7th over - 0 runs, 1 hit, 0 errors, 1 left on base; Billings 0 - Squirrel Hill 2
BOTTOM OF THE 7TH
Squirrel Hill Pierogis batting - Pitching for Billings Polar Bears : LHP Mark Greenwood
Batting: SHB Jason Pratt 0-0: Ball
1-0: Ball
2-0: Swinging Strike
2-1: Foul Ball, location: 2F
2-2: Ball
3-2: Strikes out swinging
Pitching: LHP Félix Cordero
Batting: LHB Ramiro Palmeiro 0-0: Ball
1-0: Ball
2-0: Ball
3-0: Called Strike
3-1: Reached on error, E6 (Groundball, 6M, EV 82.5 MPH)
Batting: SHB Aubrey Magee 0-0: Swinging Strike
0-1: Ball
1-1: Foul Ball, location: 2F
1-2: Ball
2-2: Foul Ball, location: 2F
2-2: Ball
3-2: Base on Balls
Ramiro Palmeiro to second
Batting: RHB Franck Morel 0-0: Ball
1-0: Ball
2-0: Fielders Choice at 2nd, 3-6 (Groundball, 34, EV 101.2 MPH)
Ramiro Palmeiro to third
Batting: RHB Jerry Williams 0-0: Foul Ball, location: 2F
0-1: SINGLE (Groundball, 6MD, EV 100.6 MPH)
Ramiro Palmeiro scores
Franck Morel to second
Batting: SHB Ron Carlisle 0-0: SINGLE (Groundball, 5, EV 98.1 MPH) (infield hit)
Franck Morel to third
Jerry Williams to second
Batting: LHB Adam Bisset 0-0: SINGLE (Line Drive, 6MD, EV 99.4 MPH)
Franck Morel scores
Jerry Williams to third
Ron Carlisle to second
Runner from 3rd tries for Home, SAFE, throw by CF to home
Batting: RHB Koi-sho Xú 0-0: DOUBLE (Flyball, 8LXD, EV 88.8 MPH)
Ron Carlisle scores
Adam Bisset to third
Runner from 3rd tries for Home, SAFE, throw by CF to home
Pitching: RHP Ryan Robertson
Batting: LHB Luis Escribano 0-0: Called Strike
0-1: Swinging Strike
0-2: Fly out, F3 (Popup, 3SF, EV 69.4 MPH)
Bottom of the 7th over - 5 runs, 4 hits, 1 error, 1 left on base; Billings 0 - Squirrel Hill 7
TOP OF THE 8TH
Billings Polar Bears batting - Pitching for Squirrel Hill Pierogis : LHP Jerry Reid
Pinch Hitting: LHB Alvin Montgomery 0-0: Swinging Strike
0-1: Ball
1-1: Ground out 4-3 (Groundball, 4, EV 80.6 MPH)
Batting: RHB Scot Roberts 0-0: Foul Ball, location: 2F
0-1: Ball
1-1: Foul Ball, location: 2F
1-2: Ball
2-2: Strikes out swinging
Batting: RHB Luke Crawford 0-0: Called Strike
0-1: Ball
1-1: Foul Ball, location: 2F
1-2: Ball
2-2: Ball
3-2: Strikes out swinging
Top of the 8th over - 0 runs, 0 hits, 0 errors, 0 left on base; Billings 0 - Squirrel Hill 7
BOTTOM OF THE 8TH
Squirrel Hill Pierogis batting - Pitching for Billings Polar Bears : RHP Ryan Robertson
Now in LF: Alvin Montgomery
Batting: SHB Jason Pratt 0-0: Ground out U3 (Groundball, 3L, EV 83.8 MPH)
Batting: LHB Ramiro Palmeiro 0-0: Called Strike
0-1: Foul Ball, location: 2F
0-2: Strikes out swinging, 2-3 out at first.
Batting: SHB Aubrey Magee 0-0: Foul Ball, location: 2F
0-1: Ball
1-1: Ball
2-1: Foul Ball, location: 2F
2-2: Fly out, F8 (Line Drive, 8RM, EV 90.0 MPH)
Bottom of the 8th over - 0 runs, 0 hits, 0 errors, 0 left on base; Billings 0 - Squirrel Hill 7
TOP OF THE 9TH
Billings Polar Bears batting - Pitching for Squirrel Hill Pierogis : LHP Jerry Reid
Pinch Hitting: RHB Steve Roberson 0-0: Ball
1-0: Swinging Strike
1-1: Fly out, F3 (Popup, 3SF, EV 78.8 MPH)
Batting: LHB Augusto Reyes 0-0: Called Strike
0-1: Called Strike
0-2: Ball
1-2: Foul Ball, location: 2F
1-2: Foul Ball, location: 2F
1-2: Strikes out swinging
Batting: RHB Danny Hensley 0-0: Called Strike
0-1: Ball
1-1: Foul Ball, location: 2F
1-2: Strikes out swinging
Top of the 9th over - 0 runs, 0 hits, 0 errors, 0 left on base; Billings 0 - Squirrel Hill 7
Tuesday, January 5th, 2021 - OOTP Baseball 20.8 Build 74